[Event "ICC tourney 2967 (30 10)"]
[Site "Internet Chess Club"]
[Date "2022.07.23"]
[Round "4"]
[White "S.M, UMER:uncrackable"]
[Black "GU, CRYSTAL JIUZHOU:fantasymoon"]
[Result "1-0"]
[ICCResult "Black checkmated"]
[WhiteElo "1812"]
[BlackElo "1739"]
[Opening "Queen's bishop game"]
[ECO "D02"]
[NIC "QP.08"]
[Time "18:00:15"]
[PlyCount "65"]
[TimeControl "1800+10"]

1. d4 d5 2. Nf3 Nf6 3. Bf4 c6 4. e3 e6 5. Nbd2 Nbd7 6. Bd3 a6 7. Ne5 Be7 8.
Qf3 c5 9. c3 Nxe5 10. dxe5 Nd7 11. h4 b5 12. h5 Bb7 13. Qg3 Bf8 14. h6 g6
15. Bg5 Qb6 16. Nf3 d4 17. exd4 cxd4 18. cxd4 Bb4+ 19. Ke2 Nb8 20. a3 Bxf3+
21. Qxf3 Nc6 22. Rh4 Bf8 23. Rc1 Rc8 24. Qf6 Rg8 25. Rf4 Qb7 26. Rxc6 Ra8
27. Rxa6 Rc8 28. Rb6 Qe7 29. Bxb5+ Kd8 30. Qxf7 Rc2+ 31. Kd3 Rg7 32. Qxf8+
Kc7 33. Qb8# {Black checkmated} 1-0

[Event "ICC tourney 2967 (30 10)"]
[Site "Internet Chess Club"]
[Date "2022.07.23"]
[Round "4"]
[White "LIANG, YU-CHENG:Yucheng"]
[Black "IVANOV, ALEXANDER:marble"]
[Result "0-1"]
[ICCResult "White resigns"]
[WhiteElo "2038"]
[BlackElo "2354"]
[Opening "Modern defense: Averbakh system"]
[ECO "A40"]
[NIC "KF.04"]
[Time "18:00:05"]
[PlyCount "54"]
[TimeControl "1800+10"]

1. d4 g6 2. c4 Bg7 3. e4 d6 4. Nc3 c5 5. d5 e6 6. Bd3 Nf6 7. Nf3 exd5 8.
exd5 Qe7+ 9. Qe2 Bg4 10. O-O Bxf3 11. Qxf3 Nbd7 12. Bf4 Nh5 13. Rae1 Ne5 14.
Qe3 Nxf4 15. Qxf4 O-O 16. Qd2 Qd7 17. f4 Nxd3 18. Qxd3 Rae8 19. Qd2 a6 20.
Rxe8 Rxe8 21. Re1 Bd4+ 22. Kf1 Rxe1+ 23. Qxe1 b5 24. cxb5 axb5 25. Qe2 b4
26. Nd1 Qf5 27. Qf3 Qb1 {White resigns} 0-1

[Event "ICC tourney 2967 (30 10)"]
[Site "Internet Chess Club"]
[Date "2022.07.23"]
[Round "4"]
[White "Nguyen, Hoa Duc:leoman"]
[Black "LEE, JUSTIN:SMJ07"]
[Result "0-1"]
[ICCResult "White resigns"]
[WhiteElo "2475"]
[BlackElo "1984"]
[Opening "Sicilian: Kan, 5.Nc3"]
[ECO "B43"]
[NIC "SI.43"]
[Time "18:00:33"]
[PlyCount "106"]
[TimeControl "1800+10"]

1. e4 c5 2. Nf3 e6 3. Nc3 a6 4. d4 cxd4 5. Nxd4 Qc7 6. Bd3 Nf6 7. Qf3 Bd6 8.
Bg5 Be5 9. Nde2 Nc6 10. Qh3 d5 11. O-O dxe4 12. Nxe4 Nxe4 13. Bxe4 h6 14. c3
Bxh2+ 15. Kh1 Bd6 16. Rad1 O-O 17. Bxh6 gxh6 18. Qxh6 f5 19. Bxc6 Rf7 20.
Qg6+ Rg7 21. Qe8+ Bf8 22. Bf3 Bd7 23. Rxd7 Rxe8 24. Rxc7 Rxc7 25. Rd1 Kg7
26. Nf4 Bc5 27. Kg1 Kf6 28. g3 Ree7 29. Rd8 Rcd7 30. Rf8+ Kg7 31. Rc8 Bb6
32. c4 Rc7 33. Rb8 Rxc4 34. Bxb7 Ba7 35. Rc8 Rxf4 36. gxf4 Rxb7 37. Rc6 Kf6
38. Rxa6 Bd4 39. b3 Rg7+ 40. Kf1 Rg4 41. Ke2 Rxf4 42. f3 Rh4 43. a4 Ke5 44.
Kd3 Bg1 45. a5 Rf4 46. Rc6 Rxf3+ 47. Kc4 f4 48. a6 Rf1 49. Kd3 f3 50. Rc7
Rd1+ 51. Kc2 f2 52. Rc5+ Kd6 53. a7 Ra1 {White resigns} 0-1

[Event "ICC tourney 2967 (30 10)"]
[Site "Internet Chess Club"]
[Date "2022.07.23"]
[Round "4"]
[White "SARAFUDINOV, ANDREY:whyyoutrysohard"]
[Black "TAO, SIHAN:K06-16931716"]
[Result "0-1"]
[ICCResult "White resigns"]
[WhiteElo "1507"]
[BlackElo "1894"]
[Opening "Catalan: closed, 5.Nf3"]
[ECO "E06"]
[NIC "CA.05"]
[Time "18:00:25"]
[PlyCount "118"]
[TimeControl "1800+10"]

1. d4 Nf6 2. Nf3 d5 3. c4 e6 4. g3 Be7 5. Bg2 O-O 6. O-O dxc4 7. Ne5 Nc6 8.
Bxc6 bxc6 9. Nxc6 Qe8 10. Nxe7+ Qxe7 11. Qa4 c5 12. Qa3 Bb7 13. Bg5 Rfc8 14.
dxc5 h6 15. Bxf6 Qxf6 16. Nd2 Qd4 17. Rfd1 Qd5 18. f3 Qxc5+ 19. Qxc5 Rxc5
20. Rdc1 Rd8 21. Rxc4 Re5 22. Ne4 Bxe4 23. Rxe4 Rxe4 24. fxe4 Rd2 25. Rb1
Rxe2 26. a4 Rxe4 27. b4 Kf8 28. a5 a6 29. b5 axb5 30. Rxb5 Ra4 31. Rb8+ Ke7
32. Ra8 Ra2 33. a6 Kf6 34. a7 Kg6 35. Kf1 e5 36. Ke1 f5 37. Re8 Rxa7 38.
Rxe5 Ra2 39. Re2 Rxe2+ 40. Kxe2 Kf6 41. Kf2 Ke5 42. Ke3 g5 43. h3 h5 44. Kf3
Kd4 45. Kf2 Ke4 46. Ke2 g4 47. h4 f4 48. gxf4 Kxf4 49. Kf2 g3+ 50. Kg2 Kg4
51. Kg1 Kxh4 52. Kg2 Kg4 53. Kg1 h4 54. Kg2 h3+ 55. Kg1 h2+ 56. Kg2 h1=Q+
57. Kxh1 Kh3 58. Kg1 g2 59. Kf2 Kh2 {White resigns} 0-1

[Event "ICC tourney 2967 (30 10)"]
[Site "Internet Chess Club"]
[Date "2022.07.23"]
[Round "4"]
[White "YAN, BENJAMIN:i2good4u734"]
[Black "LIU, ERIC CHANG:el008"]
[Result "0-1"]
[ICCResult "White checkmated"]
[WhiteElo "1967"]
[BlackElo "2037"]
[Opening "Queen's pawn: London system"]
[ECO "A45"]
[NIC "QP.07"]
[Time "18:00:33"]
[PlyCount "112"]
[TimeControl "1800+10"]

1. d4 Nf6 2. Bf4 d5 3. e3 e6 4. Nf3 c5 5. c3 Bd6 6. Nbd2 O-O 7. Bg3 b6 8.
Ne5 Qc7 9. Bd3 Ba6 10. Bxa6 Nxa6 11. O-O Nb8 12. Qe2 Nfd7 13. Ndf3 Nc6 14.
Nxc6 Qxc6 15. Bxd6 Qxd6 16. e4 cxd4 17. Nxd4 dxe4 18. Qxe4 Nf6 19. Qf3 e5
20. Nf5 Qe6 21. Rfd1 Rad8 22. Ne3 e4 23. Qe2 Nd7 24. Nc2 Qg6 25. Rd4 Nc5 26.
Rad1 Rxd4 27. Rxd4 f5 28. b4 Nd3 29. Ne1 Ne5 30. a4 Re8 31. Kh1 h6 32. Qa2+
Kh7 33. Qd5 Ng4 34. Kg1 Ne5 35. Rd1 f4 36. Qd6 Re6 37. Qf8 Nf3+ 38. Kh1 Nxe1
39. Rxe1 f3 40. g3 Qg4 41. Qd8 Re5 42. Qh4 Qe6 43. Qf4 g5 44. Qf8 Rf5 45.
Qb8 Rf7 46. Qd8 Rd7 47. Qa8 Re7 48. Qd8 Kg6 49. a5 Kh5 50. Qd4 Rd7 51. Qh8
e3 52. g4+ Kh4 53. Qb8 Rd6 54. Qf8 Qxg4 55. Rg1 Qxg1+ 56. Kxg1 Rd1#
{White checkmated}
0-1

[Event "ICC tourney 2967 (30 10)"]
[Site "Internet Chess Club"]
[Date "2022.07.23"]
[Round "4"]
[White "QI, JENNY:eevee11"]
[Black "WU, JAYDEN:SparkyNinja"]
[Result "1-0"]
[ICCResult "Black resigns"]
[WhiteElo "1466"]
[BlackElo "1785"]
[Opening "Sicilian: Najdorf"]
[ECO "B90"]
[NIC "SI.14"]
[Time "18:00:20"]
[PlyCount "107"]
[TimeControl "1800+10"]

1. e4 c5 2. Nf3 d6 3. d4 cxd4 4. Nxd4 Nf6 5. Nc3 a6 6. f3 e5 7. Nb3 Be6 8.
Be3 Be7 9. Qd2 O-O 10. O-O-O Nbd7 11. g4 b5 12. g5 b4 13. Na4 Nh5 14. h4 g6
15. Kb1 Re8 16. Bh3 a5 17. Bg4 Ng7 18. h5 Bxg4 19. fxg4 Nf8 20. Nb6 Rb8 21.
Nd5 Nge6 22. Nxe7+ Rxe7 23. Qd5 Ra8 24. Bb6 Qe8 25. Bxa5 Rea7 26. Qxd6 Rxa5
27. Nxa5 Rxa5 28. Qxb4 Rb5 29. Qd6 Nxg5 30. Qd8 Qc6 31. Qxg5 Qxe4 32. hxg6
fxg6 33. Rhe1 Qb4 34. b3 e4 35. Qd2 Qa3 36. Qc1 Qb4 37. Qb2 Rg5 38. c3 Qb7
39. Qe2 Qc8 40. Qxe4 Qxc3 41. Qc4+ Qxc4 42. bxc4 Rxg4 43. Rc1 h5 44. c5 Rb4+
45. Ka1 Rb7 46. c6 Rc7 47. a4 g5 48. a5 h4 49. Re5 Nh7 50. a6 Kf7 51. Ra5 h3
52. a7 Rxc6 53. Rxc6 h2 54. Rc1 {Black resigns} 1-0

[Event "ICC tourney 2967 (30 10)"]
[Site "Internet Chess Club"]
[Date "2022.07.23"]
[Round "4"]
[White "PANG, ASHLEY:redhawk2020"]
[Black "HU, MERRIC:K09-14686967"]
[Result "1/2-1/2"]
[ICCResult "Game drawn because neither player has mating material"]
[WhiteElo "1984"]
[BlackElo "2035"]
[Opening "Sicilian: closed, 2...Nc6"]
[ECO "B23"]
[NIC "SI.44"]
[Time "18:00:33"]
[PlyCount "148"]
[TimeControl "1800+10"]

1. e4 c5 2. Nc3 Nc6 3. Bb5 Nd4 4. Nf3 Nxb5 5. Nxb5 d5 6. exd5 a6 7. Nc3 Nf6
8. O-O Nxd5 9. Ne4 e6 10. d4 cxd4 11. Qxd4 Qb6 12. Qxb6 Nxb6 13. b3 Be7 14.
c4 O-O 15. Be3 Nd7 16. Rfd1 Nf6 17. Nd6 Rd8 18. Bc5 Bxd6 19. Bxd6 b5 20. Bc7
Rxd1+ 21. Rxd1 Bb7 22. Ne5 Rc8 23. f3 Ne8 24. Ba5 f6 25. Nd7 bxc4 26. Nb6
Rc5 27. Nxc4 Bd5 28. Bb4 Rc6 29. Ne3 Nc7 30. Ba5 Nb5 31. Nxd5 exd5 32. Rxd5
Kf7 33. Rd7+ Kg6 34. Bb4 Rc1+ 35. Kf2 Rc2+ 36. Rd2 Rc6 37. a4 Nc7 38. Rd6
Rc2+ 39. Kg3 Rb2 40. Ba5 Ne8 41. Re6 Kf7 42. Rb6 g5 43. Bc3 Rc2 44. Bd4 Rd2
45. Bc5 Ng7 46. Rxa6 Nh5+ 47. Kg4 Kg6 48. g3 Rxh2 49. f4 gxf4 50. gxf4 Rg2+
51. Kf3 Rg3+ 52. Ke4 Rxb3 53. f5+ Kg5 54. Be3+ Kg4 55. Bd4 Ra3 56. Bxf6 Ng3+
57. Ke5 Nxf5 58. Bd8 Re3+ 59. Kf6 h5 60. Rc6 Re4 61. a5 h4 62. a6 Ra4 63. a7
Rxa7 64. Rc4+ Kf3 65. Kxf5 h3 66. Rc3+ Kg2 67. Rc2+ Kf3 68. Rc3+ Kg2 69. Bc7
Rxc7 70. Rxc7 h2 71. Rc2+ Kg3 72. Rc1 Kg2 73. Rc2+ Kg1 74. Rxh2 Kxh2
{Game drawn because neither player has mating material}
1/2-1/2

[Event "ICC tourney 2967 (30 10)"]
[Site "Internet Chess Club"]
[Date "2022.07.23"]
[Round "5"]
[White "HU, MERRIC:K09-14686967"]
[Black "DUBE, DANIEL:betterone76"]
[Result "1-0"]
[ICCResult "Black checkmated"]
[WhiteElo "2035"]
[BlackElo "1850"]
[Opening "Sicilian defense"]
[ECO "B20"]
[NIC "SI.48"]
[Time "20:00:40"]
[PlyCount "63"]
[TimeControl "1800+10"]

1. e4 c5 2. b3 Nc6 3. Bb2 Nf6 4. e5 Nd5 5. Nf3 d6 6. Bb5 Bg4 7. Bxc6+ bxc6
8. O-O e6 9. exd6 Bxd6 10. h3 Bxf3 11. Qxf3 O-O 12. Na3 Bb8 13. Nc4 Nb6 14.
Qg4 g6 15. d3 f5 16. Qe2 Re8 17. Ne5 Qf6 18. c4 Bxe5 19. Bxe5 Qf7 20. f4 Nd7
21. Bd6 a5 22. Rfe1 a4 23. bxa4 Rxa4 24. Rab1 Rea8 25. Rb7 Rxa2 26. Qxe6
Qxe6 27. Rxe6 Nf8 28. Ree7 Rd2 29. Rg7+ Kh8 30. Be5 Re2 31. Rxh7+ Kg8 32.
Rh8# {Black checkmated} 1-0

[Event "ICC tourney 2967 (30 10)"]
[Site "Internet Chess Club"]
[Date "2022.07.23"]
[Round "5"]
[White "TAO, SIHAN:K06-16931716"]
[Black "Li, Alex:AlexLi31415"]
[Result "0-1"]
[ICCResult "White resigns"]
[WhiteElo "1894"]
[BlackElo "1870"]
[Opening "Petrov: Nimzovich attack"]
[ECO "C42"]
[NIC "RG.03"]
[Time "20:00:17"]
[PlyCount "42"]
[TimeControl "1800+10"]

1. e4 e5 2. Nf3 Nf6 3. Nxe5 d6 4. Nf3 Nxe4 5. Nc3 Nxc3 6. dxc3 Be7 7. Be3
Be6 8. Qd2 Nd7 9. Nd4 O-O 10. Bd3 Re8 11. O-O Bg4 12. Nf5 Bf6 13. Bd4 Bxf5
14. Bxf5 Bxd4 15. cxd4 Nf8 16. Rae1 Qf6 17. Bd3 Ne6 18. c3 Nf4 19. Rxe8+
Rxe8 20. Re1 Re6 21. Bc4 Qg5 {White resigns} 0-1

[Event "ICC tourney 2967 (30 10)"]
[Site "Internet Chess Club"]
[Date "2022.07.23"]
[Round "5"]
[White "GUSEINOV, GADIR:GGuseinov"]
[Black "MAMMADOV, ZAUR:zaur94"]
[Result "1-0"]
[ICCResult "Black resigns"]
[WhiteElo "2718"]
[BlackElo "2552"]
[Opening "Caro-Kann: Steinitz variation"]
[ECO "B17"]
[NIC "CK.02"]
[Time "20:00:07"]
[PlyCount "71"]
[TimeControl "1800+10"]

1. e4 c6 2. d4 d5 3. Nd2 dxe4 4. Nxe4 Nd7 5. c3 Ngf6 6. Nxf6+ Nxf6 7. Bc4
Qc7 8. Qf3 Bg4 9. Qg3 Qxg3 10. hxg3 e6 11. f3 Bf5 12. Ne2 Nd5 13. g4 Bg6 14.
Bxd5 cxd5 15. Nf4 Bc2 16. b3 h6 17. Be3 Rc8 18. Kd2 Bh7 19. Rh3 Kd7 20. g5
b5 21. Nd3 Bd6 22. gxh6 gxh6 23. Rxh6 Bxd3 24. Kxd3 Rxh6 25. Bxh6 Rh8 26.
Be3 Rh2 27. Rg1 a5 28. a4 bxa4 29. bxa4 Kc6 30. Ke2 Rh8 31. Rb1 f5 32. Rb5
Bc7 33. Bd2 Rh1 34. Be1 Rh2 35. Rc5+ Kb6 36. Rxc7 {Black resigns} 1-0

[Event "ICC tourney 2967 (30 10)"]
[Site "Internet Chess Club"]
[Date "2022.07.23"]
[Round "5"]
[White "Mitrabha, Guha:babysnake"]
[Black "Volkov, Sergey:Volkov"]
[Result "0-1"]
[ICCResult "White resigns"]
[WhiteElo "2468"]
[BlackElo "2540"]
[Opening "Queen's pawn game, Darooha variation "]
[ECO "D11"]
[NIC "QP.08"]
[Time "20:00:14"]
[PlyCount "52"]
[TimeControl "1800+10"]

1. d4 d5 2. Nf3 Nf6 3. c4 c6 4. g3 Bf5 5. Nc3 e6 6. Qb3 Qc8 7. Nh4 Be4 8. f3
dxc4 9. Qxc4 Bd5 10. Qd3 c5 11. e4 cxd4 12. Nxd5 exd5 13. e5 Qe6 14. Kf2
Nfd7 15. f4 Nc5 16. Qxd4 Nc6 17. Qd1 Ne4+ 18. Kg2 Bc5 19. Be2 Nf2 20. f5
Qxe5 21. Qc2 Nxh1 22. Bf3 Qd4 23. Bd2 Qf2+ 24. Kxh1 Be3 25. f6 O-O 26. fxg7
Rfe8 {White resigns} 0-1

[Event "ICC tourney 2967 (30 10)"]
[Site "Internet Chess Club"]
[Date "2022.07.23"]
[Round "5"]
[White "YAN, BENJAMIN:i2good4u734"]
[Black "ARUTLA, ADITYA:adiaru27"]
[Result "1/2-1/2"]
[ICCResult "Game drawn by mutual agreement"]
[WhiteElo "1967"]
[BlackElo "1747"]
[Opening "Queen's pawn, Mason variation, Steinitz counter-gambit"]
[ECO "D00"]
[NIC "QP.08"]
[Time "20:00:14"]
[PlyCount "48"]
[TimeControl "1800+10"]

1. d4 d5 2. Bf4 c5 3. e3 Nf6 4. Nf3 Nc6 5. Nbd2 Qb6 6. dxc5 Qxb2 7. Rb1 Qc3
8. Bb5 g6 9. O-O Bg7 10. Ne5 Qxc5 11. c4 O-O 12. Nb3 Qa3 13. Nxc6 bxc6 14.
Bxc6 Bf5 15. Bxa8 Bxb1 16. Qxb1 Rxa8 17. Nd2 dxc4 18. Nxc4 Qc5 19. Ne5 Nh5
20. Qe4 Rc8 21. h3 Nxf4 22. exf4 Bxe5 23. fxe5 Rd8 24. e6 f5
{Game drawn by mutual agreement}
1/2-1/2

[Event "ICC tourney 2967 (30 10)"]
[Site "Internet Chess Club"]
[Date "2022.07.23"]
[Round "5"]
[White "IVANOV, ALEXANDER:marble"]
[Black "HEBDEN, MARK L:mhebden"]
[Result "1-0"]
[ICCResult "Black resigns"]
[WhiteElo "2354"]
[BlackElo "2519"]
[Opening "Ruy Lopez: closed, anti-Marshall 8.a4"]
[ECO "C88"]
[NIC "RL.18"]
[Time "20:00:08"]
[PlyCount "85"]
[TimeControl "1800+10"]

1. e4 e5 2. Nf3 Nc6 3. Bb5 a6 4. Ba4 Nf6 5. O-O Be7 6. Re1 b5 7. Bb3 O-O 8.
a4 Bb7 9. d3 d6 10. Nbd2 Na5 11. Ba2 c5 12. Nf1 bxa4 13. Bd2 Bc6 14. Ne3 Rb8
15. Nf5 Nb7 16. N3h4 Ne8 17. Nxe7+ Qxe7 18. Nf5 Qf6 19. Qg4 g6 20. Qg3 Bd7
21. Bg5 Qh8 22. Be7 Be6 23. Bxf8 Kxf8 24. Bxe6 fxe6 25. Ne3 Nd8 26. Nc4 Qf6
27. Rxa4 Nc6 28. c3 a5 29. Nxa5 Nxa5 30. Rxa5 Rxb2 31. h4 Nc7 32. Ra7 Nb5
33. Rb7 Rb3 34. Ra1 Ra3 35. Rxa3 Nxa3 36. Qg5 Qxg5 37. hxg5 c4 38. dxc4 Nxc4
39. Rxh7 Ke8 40. Rg7 d5 41. Rxg6 d4 42. cxd4 exd4 43. Rxe6+ {Black resigns}
1-0

[Event "ICC tourney 2967 (30 10)"]
[Site "Internet Chess Club"]
[Date "2022.07.23"]
[Round "5"]
[White "Turcotte, Jonathan:JonnyTurgi"]
[Black "QI, JENNY:eevee11"]
[Result "1-0"]
[ICCResult "Black checkmated"]
[WhiteElo "2100"]
[BlackElo "1466"]
[Opening "Grünfeld: Grünfeld gambit, Capablanca variation"]
[ECO "D83"]
[NIC "GI.03"]
[Time "20:00:11"]
[PlyCount "147"]
[TimeControl "1800+10"]

1. d4 Nf6 2. c4 g6 3. Nc3 d5 4. Bf4 Bg7 5. e3 O-O 6. Rc1 c5 7. dxc5 dxc4 8.
Qxd8 Rxd8 9. Bc7 Re8 10. Bg3 Bd7 11. Nf3 Na6 12. Bxc4 Nxc5 13. Ne5 Be6 14.
Bxe6 Nxe6 15. h3 Rac8 16. Ke2 Red8 17. Bh2 Nd7 18. Nf3 Nb6 19. Be5 f6 20.
Bh2 Nc4 21. b3 Nb6 22. Nb5 a6 23. Nc7 Kf7 24. Nxe6 Kxe6 25. Bc7 Nd5 26. Bxd8
Rxd8 27. Rhd1 Rd6 28. Rd3 Nb4 29. Rxd6+ Kxd6 30. a3 Nc6 31. Rd1+ Kc7 32. Nd4
Nxd4+ 33. Rxd4 e5 34. Rh4 h5 35. Rc4+ Kd7 36. a4 Bf8 37. Rc1 Be7 38. g4 hxg4
39. hxg4 f5 40. f3 f4 41. Kd3 Bd6 42. Ke4 Bc7 43. Rh1 Kd8 44. Rh6 g5 45. Rg6
Kd7 46. Rxg5 Ke6 47. exf4 exf4 48. Rg7 Kd6 49. Rxc7 Kxc7 50. Kxf4 Kd6 51. g5
Ke6 52. Kg4 Kf7 53. f4 Kg6 54. f5+ Kg7 55. Kf4 Kf7 56. Ke5 b5 57. axb5 axb5
58. g6+ Kg8 59. Kd5 Kg7 60. Kc5 Kf6 61. Kxb5 Kg7 62. Kc6 Kf8 63. b4 Kg8 64.
b5 Kg7 65. b6 Kf8 66. b7 Kg7 67. b8=Q Kf6 68. Qf8+ Ke5 69. g7 Kf4 70. f6 Kg5
71. g8=Q+ Kf5 72. Qc5+ Kxf6 73. Qgg5+ Kf7 74. Qce7# {Black checkmated} 1-0

[Event "ICC tourney 2967 (30 10)"]
[Site "Internet Chess Club"]
[Date "2022.07.23"]
[Round "5"]
[White "LEE, JUSTIN:SMJ07"]
[Black "SHEEHAN, ETHAN THOMAS:Chessking2008"]
[Result "1-0"]
[ICCResult "Black resigns"]
[WhiteElo "1984"]
[BlackElo "2255"]
[Opening "QGD: Janowski variation"]
[ECO "D31"]
[NIC "QP.08"]
[Time "20:00:56"]
[PlyCount "71"]
[TimeControl "1800+10"]

1. d4 d5 2. c4 e6 3. Nc3 a6 4. cxd5 exd5 5. Bf4 Be6 6. e3 Bd6 7. Bg3 Bxg3 8.
hxg3 Nf6 9. Bd3 Nbd7 10. Nge2 O-O 11. f3 h6 12. g4 c6 13. Qd2 Re8 14. O-O-O
b6 15. g5 hxg5 16. e4 dxe4 17. fxe4 Ng4 18. d5 Nf2 19. dxe6 fxe6 20. e5 Nxh1
21. Rxh1 Nxe5 22. Bh7+ Kf8 23. Rf1+ Nf7 24. Qe3 Ra7 25. Ne4 g6 26. Bxg6 Kg7
27. Bh5 Rf8 28. Nd4 Qd5 29. Nc3 Qxg2 30. Nxe6+ Kh6 31. Rg1 Qh2 32. Nxf8 Qxh5
33. Qxb6 Re7 34. Qxc6+ Kg7 35. Ne6+ Kh7 36. Rh1 {Black resigns} 1-0

[Event "ICC tourney 2967 (30 10)"]
[Site "Internet Chess Club"]
[Date "2022.07.23"]
[Round "5"]
[White "GU, CRYSTAL JIUZHOU:fantasymoon"]
[Black "WU, JAYDEN:SparkyNinja"]
[Result "0-1"]
[ICCResult "White checkmated"]
[WhiteElo "1739"]
[BlackElo "1785"]
[Opening "Queen's pawn game"]
[ECO "E10"]
[NIC "QI.01"]
[Time "20:00:09"]
[PlyCount "130"]
[TimeControl "1800+10"]

1. d4 Nf6 2. c4 e6 3. Nf3 d5 4. g3 Bb4+ 5. Nbd2 O-O 6. Qc2 b6 7. Bg2 Bb7 8.
O-O Nbd7 9. b3 Rc8 10. Bb2 Be7 11. Rfd1 c5 12. e3 Qc7 13. Rac1 Qb8 14. Qd3
Rfd8 15. Qe2 Qa8 16. dxc5 bxc5 17. Ne5 Nxe5 18. Bxe5 Nd7 19. Nf3 dxc4 20.
Bd6 Bxd6 21. Rxd6 cxb3 22. axb3 Bd5 23. Ng5 Bxg2 24. Qh5 Nf8 25. Qxf7+ Kh8
26. Qe7 Rxd6 27. Nf7+ Kg8 28. Nxd6 Qf3 29. Qh4 Ng6 30. Qc4 Bh3 31. Qe4 Qxe4
32. Nxe4 Nf8 33. b4 Bf5 34. Nd6 Rc6 35. bxc5 Nd7 36. Nb7 Rc7 37. c6 Ne5 38.
Na5 Be4 39. f4 Nxc6 40. Rc4 Bd5 41. Rc5 Rc8 42. Kf2 Ne7 43. Rxc8+ Nxc8 44.
Ke2 Nd6 45. Kd3 Nb7 46. Nxb7 Bxb7 47. e4 a5 48. e5 a4 49. Kc3 Bd5 50. Kb4
Bb3 51. Ka3 Kf7 52. g4 Kg6 53. h4 h5 54. gxh5+ Kxh5 55. Kb2 Kxh4 56. f5 exf5
57. Ka3 f4 58. e6 Bxe6 59. Kxa4 f3 60. Kb4 f2 61. Kc3 f1=Q 62. Kd2 Qf3 63.
Kc1 Qe2 64. Kb1 Bb3 65. Ka1 Qa2# {White checkmated} 0-1

[Event "ICC tourney 2967 (30 10)"]
[Site "Internet Chess Club"]
[Date "2022.07.23"]
[Round "5"]
[White "S.M, UMER:uncrackable"]
[Black "PANG, ASHLEY:redhawk2020"]
[Result "0-1"]
[ICCResult "White resigns"]
[WhiteElo "1812"]
[BlackElo "1984"]
[Opening "Queen's pawn game"]
[ECO "A46"]
[NIC "QP.05"]
[Time "20:00:14"]
[PlyCount "136"]
[TimeControl "1800+10"]

1. d4 Nf6 2. Nf3 e6 3. Bf4 d5 4. e3 c5 5. Nbd2 Nc6 6. c3 Bd6 7. Ne5 Qc7 8.
Ndf3 b6 9. Bb5 Bb7 10. Qa4 Rc8 11. Qxa7 O-O 12. Bxc6 Bxc6 13. Qxc7 Rxc7 14.
Nxc6 Rxc6 15. Bxd6 Rxd6 16. Ke2 Ra8 17. Rhc1 c4 18. a4 Rd7 19. Ra3 Rda7 20.
Rca1 Ne4 21. Ne5 f6 22. Nc6 Rc7 23. Nb4 Ra5 24. f3 Nd6 25. Nc2 Kf7 26. b4
cxb3 27. Rxb3 Nc4 28. Rb4 Rca7 29. e4 f5 30. exd5 exd5 31. Rb5 Rxb5 32. axb5
Rxa1 33. Nxa1 Na3 34. Kd3 Nxb5 35. c4 Nc7 36. Nc2 dxc4+ 37. Kxc4 Ke6 38. Ne3
f4 39. d5+ Ke5 40. d6 Ne6 41. Nc2 Kxd6 42. Kb5 Nc7+ 43. Kxb6 Nd5+ 44. Kb5
Ne3 45. Ne1 Nf1 46. Nd3 g5 47. h4 h6 48. hxg5 hxg5 49. Ne1 Kd5 50. Nd3 Ne3
51. Nf2 Ke5 52. Kc5 Nxg2 53. Ng4+ Kf5 54. Kd4 Ne1 55. Nh2 Nc2+ 56. Kd3 Ne3
57. Ke2 Kg6 58. Kf2 Kh5 59. Nf1 Nxf1 60. Kxf1 Kg6 61. Kg2 Kf6 62. Kf2 Ke5
63. Kg2 Kd4 64. Kf2 Kd3 65. Kf1 Ke3 66. Kg2 Ke2 67. Kh3 Kxf3 68. Kh2 Ke2
{White resigns}
0-1

[Event "ICC tourney 2967 (30 10)"]
[Site "Internet Chess Club"]
[Date "2022.07.23"]
[Round "5"]
[White "PARAGUA, MEGAN ALTHEA:PrincessOfChess"]
[Black "LOCHAM, DIVJOT SINGH:winner08"]
[Result "1/2-1/2"]
[ICCResult "Black stalemated"]
[WhiteElo "1697"]
[BlackElo "1750"]
[Opening "King's Indian: East Indian defense"]
[ECO "A48"]
[NIC "QP.06"]
[Time "20:00:09"]
[PlyCount "157"]
[TimeControl "1800+10"]

1. Nf3 Nf6 2. d4 g6 3. e3 Bg7 4. Be2 O-O 5. O-O d5 6. b3 c5 7. Bb2 Nc6 8.
Nbd2 cxd4 9. exd4 Bf5 10. c4 e6 11. Rc1 Rc8 12. a3 Qe7 13. c5 Rc7 14. b4 a6
15. Nb3 Rfc8 16. Bc3 Ne4 17. Bd2 Nxd2 18. Qxd2 Ra8 19. a4 e5 20. dxe5 Nxe5
21. Rfe1 Nxf3+ 22. Bxf3 Qf6 23. b5 axb5 24. axb5 Be6 25. Ra1 Rxa1 26. Rxa1
Rxc5 27. Ra8+ Rc8 28. Rxc8+ Bxc8 29. Bxd5 b6 30. h3 Bf5 31. Qe3 Qe5 32. Bc6
Qxe3 33. fxe3 Kf8 34. Kf2 Ke7 35. Ke2 Kd6 36. e4 Be6 37. Nd2 Kc5 38. Kd3 Bh6
39. Nf3 Bc4+ 40. Kc2 Bxb5 41. Bxb5 Kxb5 42. Ne5 f6 43. Ng4 Bg7 44. Ne3 Kc5
45. Kd3 b5 46. g4 b4 47. Nd5 b3 48. Kc3 f5+ 49. Kxb3 fxe4 50. Nf4 e3 51. Kc2
Kd4 52. Nd3 Ke4 53. Ne1 Be5 54. Kd1 Bg3 55. Nc2 Kf3 56. Nd4+ Kf2 57. Ne2 Be5
58. Nc1 h6 59. Nd3+ Kf1 60. Nc1 Bg3 61. Ne2 Kg2 62. h4 Bxh4 63. Nf4+ Kf3 64.
Ne2 Kxg4 65. Kc2 Kf3 66. Kd3 Bf2 67. Nd4+ Kg4 68. Ke2 h5 69. Nf3 g5 70. Ne5+
Kh3 71. Kf1 g4 72. Nf3 e2+ 73. Kxe2 gxf3+ 74. Kxf2 h4 75. Kxf3 Kh2 76. Kf2
Kh1 77. Kf1 h3 78. Kf2 h2 79. Kf1 {Black stalemated} 1/2-1/2